 Dungeon Crawl Stone Soup version 0.28.0 (webtiles) character file.

Game seed: 635471342578762988

7 Deca the Poker (level 2, 0/23 HPs)
             Began as a Merfolk Gladiator on Feb 14, 2022.
             Slain by a frilled lizard (2 damage)
             ... on level 1 of the Dungeon.
             The game lasted 00:01:34 (591 turns).

Deca the Poker (Merfolk Gladiator)                   Turns: 591, Time: 00:01:35

Health: 0/23       AC:  4    Str: 14    XL:     2   Next: 0%
Magic:  2/2        EV: 13    Int:  7    God:
Gold:   16         SH:  0    Dex: 15    Spells: 1/1 levels left

rFire   . . .      SeeInvis .   a - +0 trident
rCold   . . .      Faith    .   (no shield)
rNeg    . . .      Spirit   .   b - +0 leather armour
rPois   .          Reflect  .   c - +0 helmet
rElec   .          Harm     .   (no cloak)
rCorr   .          Rampage  .   (no gloves)
Will    .....                   (no boots)
Stlth   +.........              (no amulet)
HPRegen 0.07/turn               (no ring)
MPRegen 0.08/turn               (no ring)

@: no status effects
A: (nimble swimmer 2), mertail
a: no special abilities


You were on level 1 of the Dungeon.
You visited 1 branch of the dungeon, and saw 1 of its levels.

You collected 16 gold pieces.

Inventory:

Hand Weapons
 a - a +0 trident (weapon)
Missiles
 d - 3 throwing nets (quivered)
Armour
 b - a +0 leather armour (worn)
 c - a +0 helmet (worn)
Potions
 e - a potion of curing {unknown}


   Skills:
 + Level 2.3 Fighting
 + Level 4.6 Polearms
 - Level 2.0 Throwing
 + Level 0.3 Armour
 + Level 4.1 Dodging


You had one spell level left.
You didn't know any spells.
Your spell library contained the following spells:

 Spells                   Type           Power      Damage    Failure   Level
 Blink                    Tloc           0%         N/A       65%         2
 Manifold Assault         Tloc           0%         N/A       100%        5
 Storm Form               Tmut/Air       0%         N/A       100%        7


Dungeon Overview and Level Annotations

Branches:
Dungeon (1/15)

Altars:


Innate Abilities, Weirdness & Mutations

((You are very nimble when in or above water. (Stealth+, EV+, Speed+++)))
Your lower body shifts to a powerful aquatic tail in water.


Message History

You are too injured to fight recklessly!
You are too injured to fight recklessly!
You are too injured to fight recklessly!
You are too injured to fight recklessly!
You are too injured to fight recklessly!
You hit the jackal.
The jackal is heavily wounded.
The jackal closely misses you. The jackal barely misses you. x2
You hit the jackal but do no damage.
The jackal is heavily wounded.
The jackal closely misses you. The jackal barely misses you.
The jackal bites you.
* * * LOW HITPOINT WARNING * * *
You hit the jackal.
You kill the jackal!
The frilled lizard unfolds its giant frill.
The jackal misses you.
You hit the rat.
The rat is moderately wounded.
The jackal barely misses you. The rat barely misses you. The jackal misses you.
You hit the rat.
You kill the rat!
The jackal bites you.
* * * LOW HITPOINT WARNING * * *
You have reached level 2!
Unknown command.
You barely miss the jackal.
The jackal is severely wounded.
The jackal barely misses you.
The jackal bites you but does no damage.
The frilled lizard unfolds its giant frill.
The frilled lizard closely misses you.
You barely miss the jackal.
The jackal is severely wounded.
The jackal misses you.
The frilled lizard bites you but does no damage.
You hit the jackal.
You kill the jackal!
The frilled lizard bites you.
You die...

# ## . .... .###.#.
.....#. #..#.## .
.###.....##### ...
#.......#.@l..####.....
##...##....#.#.........g
.......#.##.#..........
#...## #.##.########...
#...# ##.##.# . #...#
#..##.# #####...#
#.###.#
###.......###.###.#
.....###.........(#


You could see a frilled lizard.

Vanquished Creatures
  An endoplasm (D:1)
  A giant cockroach (D:1)
  2 jackals (D:1)
  A quokka (D:1)
  A ball python (D:1)
  A rat (D:1)
7 creatures vanquished.

Notes
Turn   | Place    | Note
-------+----------+-------------------------------------------
     0 | D:1      | Deca the Merfolk Gladiator began the quest for the Orb.
     0 | D:1      | Reached XP level 1. HP: 16/16 MP: 1/1
   589 | D:1      | Reached XP level 2. HP: 2/23 MP: 2/2
   591 | D:1      | Slain by a frilled lizard

Illustrated notes

Levels and vault maps discovered:
D:1:      dpeg_arrival_orchard, layout_loops_ring,
          chequers_ecumenical_altar_simple

Action                   || total
-------------------------++-------
Melee: Trident           ||    33
Armor: Leather armour    ||     9
Dodge: Dodged            ||    29
